 Dungeon Crawl Stone Soup version 0.29-a0-82-g837932c90e (webtiles) character file.

Game seed: 596744427834847651

45 fragbeetle the Chopper (level 3, 1/33 HPs)
             Began as a Hill Orc Cinder Acolyte on Feb 5, 2022.
             Was a High Priest of Ignis.
             Quit the game on level 2 of the Dungeon.
             The game lasted 00:02:16 (1505 turns).

fragbeetle the Chopper (Hill Orc Cinder Acolyte)    Turns: 1505, Time: 00:02:16

Health: 1/33       AC:  3    Str: 18    XL:     3   Next: 64%
Magic:  1/5        EV: 11    Int: 14    God:    Ignis [*****.]
Gold:   12         SH:  0    Dex:  6    Spells: 2/4 levels left

rFire   + . .      SeeInvis .   a - -1 hand axe (flame)
rCold   . . .      Faith    .   (no shield)
rNeg    . . .      Spirit   .   b - +0 robe
rPois   .          Reflect  .   (no helmet)
rElec   .          Harm     .   k - scarf {shadows}
rCorr   .          Rampage  .   i - +0 pair of gloves
Will    .....                   (no boots)
Stlth   +.........              (no amulet)
HPRegen 0.11/turn               (no ring)
MPRegen 0.09/turn               (no ring)

@: lethally poisoned (1 -> -3)
A: no striking features
a: Renounce Religion, Fiery Armour, Foxfire Swarm, Rising Flame


You were on level 2 of the Dungeon.
You worshipped Ignis.
Ignis was extremely pleased with you.
You visited 1 branch of the dungeon, and saw 2 of its levels.

You collected 12 gold pieces.

Inventory:

Hand Weapons
 a - a -1 hand axe of flaming (weapon)
Armour
 b - a +0 robe (worn)
 c - an orb of energy
 i - a +0 pair of gloves (worn)
 k - a scarf of shadows (worn)
Scrolls
 d - 2 scrolls of teleportation {unknown}
 e - a scroll of magic mapping {unknown}
 g - 2 scrolls of identify {unknown}
Potions
 f - a potion of degeneration {unknown}
 h - a potion of brilliance {unknown}
 j - a potion of berserk rage {unknown}


   Skills:
 - Level 4.0 Fighting
 * Level 4.8 Axes
 + Level 1.4 Spellcasting
 * Level 3.8 Fire Magic


You had 2 spell levels left.
You knew the following spells:

 Your Spells              Type           Power      Damage    Failure   Level
a - Scorch                Fire           22%        2d6       8%          2

Your spell library contained the following spells:

 Spells                   Type           Power      Damage    Failure   Level
 Magic Dart               Conj           0%         1d3       26%         1
 Call Imp                 Summ           0%         N/A       36%         2
 Mephitic Cloud           Conj/Pois/Air  0%         N/A       58%         3


Dungeon Overview and Level Annotations

Branches:
Dungeon (2/15)

Altars:


Message History

You feel very sick. The adder misses you.
A ball python comes into view.
The adder bites you.
You are more poisoned.
The adder poisons you! The adder closely misses you.
You feel sick.
Found a faded altar of an unknown god.
You feel very sick. The adder closely misses you.
You hit the adder. You burn the adder.
You kill the adder!
You feel sick. The adder misses you.
Training target 4.0 for Fighting reached!
Your Fighting skill increases to level 4!
You completely miss the adder.
The adder is heavily wounded.
You feel sick. The adder barely misses you.
You barely miss the adder.
The adder is heavily wounded.
You feel sick. The adder bites you.
* * * LOW HITPOINT WARNING * * *
You are lethally poisoned!
The adder poisons you!
You closely miss the adder.
The adder is heavily wounded.
* * * LOW HITPOINT WARNING * * *
You feel sick.
The ball python hisses angrily.
The adder barely misses you. The adder completely misses you.
You closely miss the adder.
The adder is moderately wounded.
* * * LOW HITPOINT WARNING * * *
You feel sick. The adder bites you.
* * * LOW HITPOINT WARNING * * *
You hit the adder. You burn the adder.
The adder is almost dead.
* * * LOW HITPOINT WARNING * * *
You feel sick. The adder completely misses you. The adder barely misses you.
Are you sure you want to abandon this character and quit the game? (Confirm with "yes".)

## #### # .. ...#
#.##.##..# #.#...#?.# ####
..._ ...# #.. #.. #..#
#.##..##.##..# ########.#
#....@SS.#
.........#########.)#
.......<..†#### #.#......
.###..........####.#....##
.###.#####.##.#........##
...#.# #.##.#.##.#.#.#
.#.#.# #.....#........
.#.#.# ####.#.####.#.##
.#.#.# #.#.# .#.#


You could see an adder and a ball python.

Vanquished Creatures
  An adder (D:2)
  A dart slug (D:1)
  2 bats (D:1)
  2 endoplasms
  3 giant cockroaches (D:1)
  6 goblins
  A hobgoblin (D:1)
  2 quokkas
  4 ball pythons
  A frilled lizard (D:1)
  6 kobolds
  3 rats
32 creatures vanquished.

Vanquished Creatures (others)
  A plant (D:1)
1 creature vanquished.

Grand Total: 33 creatures vanquished

Notes
Turn   | Place    | Note
-------+----------+-------------------------------------------
     0 | D:1      | fragbeetle the Hill Orc Cinder Acolyte began the quest for
                  | the Orb.
     0 | D:1      | Reached XP level 1. HP: 19/19 MP: 2/2
   349 | D:1      | Reached XP level 2. HP: 25/27 MP: 3/3
   539 | D:1      | Learned a level 2 spell: Scorch
   719 | D:1      | Reached XP level 3. HP: 32/33 MP: 4/4
  1498 | D:2      | Found a faded altar of an unknown god.
  1504 | D:2      | HP: 1/33 [poisoned by an adder]
  1505 | D:2      | Quit the game

Illustrated notes

Levels and vault maps discovered:
D:1:      kennysheep_arrival_seaside, layout_loops_ring,
          minmay_worlds_worst_comb
D:2:      layout_loops_ring, ebering_ecumenical_altar_box,
          guppyfry_early_orc_mine

Skill      XL: |  1  2  3 |
---------------+----------+-----
Fighting       | 4 |  4.0
Axes           | |  4.8
Spellcasting   | |  1.4
Fire Magic     | |  3.8

Action                   || total
-------------------------++-------
Melee: Hand axe          ||   102
 Cast: Scorch            ||     1
Armor: Robe              ||    28
Dodge: Dodged            ||    62

Table legend: (Time is in decaauts)
 A = Elapsed time spent in this place.
 B = Non-inter-level travel time spent in this place.
 C = Inter-level travel time spent in this place.
 D = Time resting spent in this place.
 E = Time spent auto-exploring this place.
 F = Levels seen in this place.
 G = Mean time per level.
                   A        B        C        D        E       F      G
               +--------+--------+--------+--------+--------+-----+--------+
         Total |   1513 |   1445 |     68 |      0 |   1199 |   2 |  756.5 |
       Dungeon |   1513 |   1445 |     68 |      0 |   1199 |   2 |  756.5 |
               +--------+--------+--------+--------+--------+-----+--------+

Top non-repeatable levels by time:
     D:1: 1249 daAuts
     D:2: 264 daAuts
